 Dungeon Crawl Stone Soup version 0.28-a0-533-g9f97627e2a (webtiles) character file.

Game seed: 12063071956508733445

112 Crimsonway the Grave Robber (level 4, -2/30 HPs)
             Began as a Vampire Necromancer on Sept 26, 2021.
             Was a Believer of Makhleb.
             Slain by Sigmund (5 damage)
             ... on level 3 of the Dungeon.
             The game lasted 00:19:56 (2469 turns).

Crimsonway the Grave Robber (Vampire Necromancer)   Turns: 2469, Time: 00:19:57

Health: -2/30      AC:  2    Str:  7    XL:     4   Next: 64%
Magic:  3/8        EV: 12    Int: 24    God:    Makhleb [**....]
Gold:   73         SH:  0    Dex: 14    Spells: 8/9 levels left

rFire   . . .      SeeInvis +   h - +3 short sword
rCold   . . .      Faith    .   (no shield)
rNeg    . . .      Spirit   .   a - +0 robe
rPois   .          Reflect  .   (no helmet)
rElec   .          Harm     .   (no cloak)
rCorr   .          Rampage  .   (no gloves)
Will    .....                   (no boots)
Stlth   ++........              n - amulet of regeneration
HPRegen 1.30/turn               i - +6 ring of intelligence
MPRegen 0.11/turn               (no ring)

@: healing quickly
A: alive, fangs 3, see invisible, vampiric 2
a: Exsanguinate, Renounce Religion, Minor Destruction


You were on level 3 of the Dungeon.
You worshipped Makhleb.
Makhleb was pleased with you.
You visited 1 branch of the dungeon, and saw 3 of its levels.

You collected 73 gold pieces.

Inventory:

Hand Weapons
 b - a +0 whip
 f - a +1 short sword of freezing
 h - a +3 short sword (weapon)
 p - a +2 dagger of flaming
 s - a +0 rapier
Missiles
 d - 70 arrows
 k - 20 bolts
 q - 38 stones
Armour
 a - a +0 robe (worn)
Magical Staves
 g - a staff of air
Jewellery
 i - a +6 ring of intelligence (left hand)
 n - an amulet of regeneration (around neck)
Scrolls
 l - a scroll of blinking {unknown}
 m - a scroll of vulnerability {unknown}
 r - a scroll of enchant weapon {unknown}
 t - a scroll of teleportation {unknown}
Potions
 c - a potion of curing {unknown}
 e - 3 potions of lignification {unknown}
 j - a potion of heal wounds {unknown}
 o - a potion of cancellation {unknown}


   Skills:
 + Level 1.1 Short Blades
 + Level 2.4 Dodging
 + Level 3.1 Stealth
 + Level 3.2 Spellcasting
 + Level 5.5 Necromancy


You had 8 spell levels left.
You knew the following spells:

 Your Spells              Type           Power      Damage    Failure   Level
a - Pain                  Necr           100%       1d9       1%          1

Your spell library contained the following spells:

 Spells                   Type           Power      Damage    Failure   Level
 Animate Skeleton         Necr           60%        N/A       1%          1
 Sublimation of Blood     Necr           15%        N/A       1%          2
 Vampiric Draining        Necr           15%        2d8       3%          3
 Apportation              Tloc           6%         N/A       11%         1
 Summon Small Mammal      Summ           12%        N/A       11%         1
 Animate Dead             Necr           15%        N/A       11%         4
 Agony                    Necr           30%        N/A       30%         5
 Ozocubu's Armour         Ice            3%         N/A       32%         3
 Petrify                  Tmut/Erth      3%         N/A       71%         4
 Irradiate                Conj/Tmut      1%         3d13      96%         5
 Ozocubu's Refrigeration  Ice            1%         4d5       100%        7


Dungeon Overview and Level Annotations

Branches:
Dungeon (3/15)

Altars:
Makhleb
Yredelemnul

Annotations:
D:3 Sigmund


Innate Abilities, Weirdness & Mutations

Your natural rate of healing is accelerated.
You have razor-sharp teeth.
You have supernaturally acute eyesight. (SInv)
You are afflicted with vampirism and can become a bat while bloodless.


Message History

There is a basalt altar of Yredelemnul here.
Found a stone staircase leading down.
Found a scroll labelled DYAROAZ TYCW.
t - a scroll labelled DYAROAZ TYCW
There is a stone staircase leading down here.
Sigmund the Dreaded comes into view.
He is wielding a +0 scythe and wearing a +0 robe of cold resistance.
Sigmund shouts!
Aiming: Pain (safe; 1% risk of failure)
Press: ? - help, Q - select action, (/) - cycle Shift-Dir - straight line, f - Sigmund
Aim: Sigmund, wielding a +0 scythe and wearing a +0 robe of cold resistance (chance to affect: 89%) Sigmund barely resists.
Sigmund points at you and mumbles some strange words.
The magic dart hits you!
Aiming: Pain (safe; 1% risk of failure)
Press: ? - help, Q - select action, (/) - cycle Shift-Dir - straight line, f/p - Sigmund
Aim: Sigmund, wielding a +0 scythe and wearing a +0 robe of cold resistance (chance to affect: 89%) Sigmund writhes in agony.
Aiming: Pain (safe; 1% risk of failure)
Press: ? - help, Q - select action, (/) - cycle Shift-Dir - straight line, f/p - Sigmund
Aim: Sigmund, wielding a +0 scythe and wearing a +0 robe of cold resistance (lightly wounded, chance to affect: 89%) Sigmund writhes in agony!
Aiming: Pain (safe; 1% risk of failure)
Press: ? - help, Q - select action, (/) - cycle Shift-Dir - straight line, f/p - Sigmund
Aim: Sigmund, wielding a +0 scythe and wearing a +0 robe of cold resistance (heavily wounded, chance to affect: 89%) Sigmund writhes in agony.
Aiming: Pain (safe; 1% risk of failure)
Press: ? - help, Q - select action, (/) - cycle Shift-Dir - straight line, f/p - Sigmund
Aim: Sigmund, wielding a +0 scythe and wearing a +0 robe of cold resistance (heavily wounded, chance to affect: 89%) Sigmund writhes in agony.
Sigmund hits you from afar with a +0 scythe!
* * * LOW HITPOINT WARNING * * *
Aiming: Pain (safe; 1% risk of failure)
Press: ? - help, Q - select action, (/) - cycle Shift-Dir - straight line, f/p - Sigmund
Aim: Sigmund, wielding a +0 scythe and wearing a +0 robe of cold resistance (heavily wounded, chance to affect: 89%) Sigmund writhes in agony.
Sigmund points at you and mumbles some strange words.
The magic dart hits you!
* * * LOW HITPOINT WARNING * * *
Sigmund hits you with a +0 scythe.
You die...

#....# ##.### # ####.####
#. #.......# #. #.#..#..#
# #.# #.#.....# ## ## #..
#.#.P.P.## ##.
##...#.####.#.._...####..
.......@@.....P.P.....+..
##.....###..#......####..
#..#.# #........## ##. #.
#. #.###.#### ## . ...#
#.# # ## ##### #.# #.#
#.# #.# ####


You could see Sigmund.

Vanquished Creatures
  A gnoll (D:1)
  3 adders (D:2)
  2 worms (D:2)
  2 dart slugs
  7 ball pythons
  4 bats
  7 endoplasms
  4 giant cockroaches
  8 hobgoblins
  5 jackals
  7 kobolds
  3 quokkas
  3 frilled lizards
  A goblin (D:2)
  3 rats
60 creatures vanquished.

Vanquished Creatures (others)
  5 toadstools (D:1)
5 creatures vanquished.

Grand Total: 65 creatures vanquished

Notes
Turn   | Place    | Note
-------+----------+-------------------------------------------
     0 | D:1      | Crimsonway the Vampire Necromancer began the quest for the
                  | Orb.
     0 | D:1      | Reached XP level 1. HP: 13/13 MP: 3/3
    61 | D:1      | Reached XP level 2. HP: 18/19 MP: 1/5
   113 | D:1      | Reached skill level 5 in Necromancy
   165 | D:1      | Found a faded altar of an unknown god.
   185 | D:1      | Became a worshipper of Makhleb the Destroyer
   185 | D:1      | Reached * piety under Makhleb
   461 | D:1      | Gained mutation: You are afflicted with vampirism and can
                  | become a bat while bloodless. [Vampire growth]
   461 | D:1      | Reached XP level 3. HP: 23/24 MP: 2/6
  1297 | D:2      | Reached skill level 1 in Short Blades
  1313 | D:2      | Reached ** piety under Makhleb
  1592 | D:2      | Reached XP level 4. HP: 30/30 MP: 6/8
  2380 | D:3      | Found a basalt altar of Yredelemnul.
  2460 | D:3      | Noticed Sigmund
  2469 | D:3      | Slain by Sigmund

Illustrated notes

Levels and vault maps discovered:
D:1:      ldierk_walled_garden, layout_basic, ebering_ecumenical_altar_mist
D:2:      layout_loops_cross, minmay_split_cup_small
D:3:      layout_loops_corners, yredelemnul_altar_generic, uniq_purgy,
          uniq_sigmund

Skill      XL: |  1  2  3  4 |
---------------+-------------+-----
Necromancy     | 5 |  5.5
Short Blades   | 1 |  1.1
Spellcasting   | 3 |  3.2
Dodging        | |  2.4
Stealth        | |  3.1

Action                   |  1- 3 |  4- 6 || total
-------------------------+-------+-------++-------
Melee: Bite              |     1 |     1 ||     2
       Unarmed           |     1 |       ||     1
       Whip              |     3 |       ||     3
       Short sword       |    18 |    14 ||    32
 Cast: Pain              |    59 |    36 ||    95
Armor: Robe              |     4 |     5 ||     9
Dodge: Dodged            |    21 |    13 ||    34

Table legend: (Time is in decaauts)
 A = Elapsed time spent in this place.
 B = Non-inter-level travel time spent in this place.
 C = Inter-level travel time spent in this place.
 D = Time resting spent in this place.
 E = Time spent auto-exploring this place.
 F = Levels seen in this place.
 G = Mean time per level.
                   A        B        C        D        E       F      G
               +--------+--------+--------+--------+--------+-----+--------+
         Total |   2470 |   2107 |    363 |      0 |      0 |   3 |  823.3 |
       Dungeon |   2470 |   2107 |    363 |      0 |      0 |   3 |  823.3 |
               +--------+--------+--------+--------+--------+-----+--------+

Top non-repeatable levels by time:
     D:1: 1295 daAuts
     D:2: 942 daAuts
     D:3: 232 daAuts
